 Dungeon Crawl Stone Soup version 0.27.1-33-g824d729ab1 (webtiles) character file.

Game seed: 126389620965306116

14 tizbic2 the Chiller (level 2, -5/20 HPs)
             Began as a Gnoll Ice Elementalist on Nov 24, 2021.
             Was a Follower of Uskayaw.
             Slain by a gnoll (11 damage)
             ... on level 1 of the Dungeon.
             The game lasted 00:02:28 (382 turns).

tizbic2 the Chiller (Gnoll Ice Elementalist)         Turns: 382, Time: 00:02:29

Health: -5/20      AC:  2    Str:  7    XL:     2   Next: 41%
Magic:  7/7        EV: 13    Int: 14    God:    Uskayaw [*.....]
Gold:   0          SH:  0    Dex: 12    Spells: 9/10 levels left

rFire    . . .     SeeInvis .   e - +0 whip
rCold    . . .     Faith    .   (no shield)
rNeg     . . .     Spirit   .   a - +0 robe
rPois    .         Reflect  .   (no helmet)
rElec    .         Harm     .   (no cloak)
rCorr    .         Rampage  .   (no gloves)
Will     .....                  (no boots)
Stlth    ++........             (no amulet)
HPRegen  0.06/turn              (no ring)
MPRegen  0.10/turn              (no ring)

@: no status effects
A: fangs 1, strong nose, distributed training
a: Renounce Religion, Stomp


You were on level 1 of the Dungeon.
You worshipped Uskayaw.
Uskayaw was noncommittal.
You visited 1 branch of the dungeon, and saw 1 of its levels.

Inventory:

Hand Weapons
 b - a +0 hunting sling
 e - a +0 whip (weapon)
Missiles
 c - 24 stones
 f - 11 poisoned darts
Armour
 a - a +0 robe (worn)
Potions
 d - a potion of ambrosia {unknown}


   Skills:
 + Level 0.4 Fighting
 + Level 0.4 Short Blades
 + Level 0.4 Long Blades
 + Level 0.4 Axes
 + Level 0.4 Maces & Flails
 + Level 0.4 Polearms
 + Level 0.4 Staves
 + Level 0.4 Slings
 + Level 0.4 Bows
 + Level 0.4 Crossbows
 + Level 0.4 Throwing
 + Level 0.4 Armour
 + Level 4.5 Dodging
 + Level 4.1 Stealth
 + Level 0.4 Shields
 + Level 0.4 Unarmed Combat
 + Level 4.9 Spellcasting
 + Level 0.2 Conjurations
 + Level 0.2 Hexes
 + Level 0.2 Summonings
 + Level 0.2 Necromancy
 + Level 0.2 Translocations
 + Level 0.2 Transmutations
 + Level 0.2 Fire Magic
 + Level 7.0 Ice Magic
 + Level 0.2 Air Magic
 + Level 0.2 Earth Magic
 + Level 0.2 Poison Magic
 + Level 0.5 Invocations
 + Level 0.4 Evocations


You had 9 spell levels left.
You knew the following spells:

 Your Spells              Type           Power      Damage    Failure   Level
a - Freeze                Ice            92%        1d10      1%          1

Your spell library contained the following spells:

 Spells                   Type           Power      Damage    Failure   Level
 Frozen Ramparts          Ice            46%        1d6       3%          3
 Ozocubu's Armour         Ice            23%        N/A       3%          3
 Hailstorm                Conj/Ice       13%        3d5       36%         4


Dungeon Overview and Level Annotations

Branches:
Dungeon (1/15)

Altars:
Uskayaw

Shops:
D:1 =


Innate Abilities, Weirdness & Mutations

You have very sharp teeth.
Your uncanny sense of smell can sniff out nearby items.
Your experience applies equally to all skills.


Message History

The hobgoblin closely misses you.
You hit the hobgoblin.
You kill the hobgoblin!
The endoplasm closely misses you.
You see here a stone.
You hit the endoplasm.
The endoplasm is lightly wounded.
The endoplasm closely misses you.
You hit the endoplasm.
You kill the endoplasm!
You can now pass through a line of other dancers.
Found Biacrol's Jewellery Emporium.
c - 24 stones (gained 1)
Found 2 viscous brown potions.
You can no longer pass through a line of other dancers.
Found 17 gold pieces.
You see here 11 poisoned darts.
f - 11 poisoned darts A hobgoblin comes into view.
There is an entrance to Biacrol's Jewellery Emporium here.
You can access your shopping list by pressing '$'.
The hobgoblin shouts!
You hear a shout! x2
The hobgoblin barely misses you.
You hit the hobgoblin but do no damage. The hobgoblin hits you.
You hit the hobgoblin.
You bite the hobgoblin, but do no damage.
The hobgoblin is moderately wounded.
A gnoll comes into view. It is wielding a +0 flail.
The hobgoblin barely misses you.
You barely miss the hobgoblin.
The hobgoblin is moderately wounded.
The hobgoblin hits you.
You hit the hobgoblin.
You kill the hobgoblin!
A kobold comes into view. It is wielding a +0 short sword.
The gnoll hits you with a +0 flail.
* * * LOW HITPOINT WARNING * * *
You barely miss the gnoll. The gnoll hits you with a +0 flail!
Ouch! That really hurt!
You die...

⌠.## .# ..# ..#
#.## #.# ...
##..###..# ....
#...≈...#
.....##.!≈.≈..# ∆
#.Kg@≈...≈.##
###.##§..∩..≈.#
....##.§§§.≈..##
#..#.§≈§§....##
#...§.§......#
##............#
#.............#
.....#.........##
$..#.#........##


You could see a gnoll and a kobold.

Vanquished Creatures
  An endoplasm (D:1)
  A goblin (D:1)
  2 hobgoblins (D:1)
  3 jackals (D:1)
  A kobold (D:1)
  A quokka (D:1)
  A bat (D:1)
  A rat (D:1)
11 creatures vanquished.

Notes
Turn   | Place    | Note
-------+----------+-------------------------------------------
     0 | D:1      | tizbic2 the Gnoll Ice Elementalist began the quest for the
                  | Orb.
     0 | D:1      | Reached XP level 1. HP: 13/13 MP: 6/6
    91 | D:1      | Reached XP level 2. HP: 12/19 MP: 7/7
   280 | D:1      | Found a faded altar of an unknown god.
   307 | D:1      | Became a worshipper of Uskayaw the Reveller
   307 | D:1      | Reached * piety under Uskayaw
   359 | D:1      | Reached ** piety under Uskayaw
   360 | D:1      | Found Biacrol's Jewellery Emporium.
   382 | D:1      | Slain by a gnoll

Illustrated notes

Levels and vault maps discovered:
D:1:      tarquinn_simple_flora_water_a, layout_rooms,
          ebering_ecumenical_altar_webs, serial_shops, nicolae_diamond_shop,
          shop, shop, shop_fountains, shop

Action                   || total
-------------------------++-------
Melee: Whip              ||    37
       Bite              ||     2
       Unarmed           ||     1
 Fire: Hunting sling     ||    18
 Cast: Freeze            ||     3
Armor: Robe              ||     9
Dodge: Dodged            ||    37
